AoeStats
← [KOF] Rock Lee

Pilgrims

510234775Analyzed
3v3 RM · 2d ago on Sep 30, 2026· 57m 46s· 6 players
Game mode
Random Map
Map size
Normal (6 player)
Population
200
Speed
Normal
Resources
Standard
Victory
Conquest
Starting age
Dark Age
Ending age
Imperial Age
RankedLock teamsTeams togetherTeam positionsShared explorationLock speedFull tech treeHidden civsTurbo modeCheats
Victory
Defeat
1391
+13
🇨🇴 Malians · Colombia
1369
+14
🇨🇴 Koreans · Colombia
1359
+14
🇲🇽 Berbers · Mexico
1368
-16
🇲🇽 Persians · Mexico
1337
-14
🇦🇷 Khmer · Argentina
1242
-11
[KOF] Rock Lee
4:18 Loom
11:25 Feudal Age
11:45 Double-Bit Axe
16:45 Wheelbarrow
21:48 Castle Age
25:50 Fletching
28:07 Bloodlines
30:20 Horse Collar
32:08 Scale Barding Armor
32:14 Forging
34:50 Chain Barding Armor
45:05 Hand Cart
44:36 Town Watch
46:03 Bow Saw
56:08 Imperial Age
56:20 Iron Casting
55:50 Heavy Plow
56:03 Husbandry
55:55 Cavalier
58:47 Two-Man Saw
57:24 Savar
~KOF~Legonas
5:21 Loom
11:17 Feudal Age
17:52 Castle Age
16:47 Double-Bit Axe
16:44 Horse Collar
17:03 Stone Mining
18:10 Gold Mining
19:41 Padded Archer Armor
19:34 Fletching
24:16 Bow Saw
25:42 Kasbah
32:00 Gold Shaft Mining
34:06 Imperial Age
32:27 Wheelbarrow
32:18 Husbandry
32:59 Bodkin Arrow
33:06 Padded Archer Armor
34:00 Bloodlines
34:50 Leather Archer Armor
35:56 Chemistry
35:42 Conscription
34:51 Light Cavalry
35:35 Bracer
35:48 Town Watch
38:36 Conscription
38:29 Scale Barding Armor
37:47 Hussar
40:54 Chain Barding Armor
41:28 Forging
43:07 Hand Cart
44:58 Heavy Plow
45:36 Maghrebi Camels
46:29 Plate Barding Armor
45:54 Elite Genitour
48:47 Masonry
50:49 Crop Rotation
53:01 Ballistics
52:05 Capped Ram
54:03 Ring Archer Armor
54:08 Iron Casting
Homero Thomson
3:24 Loom
12:18 Feudal Age
22:48 Stone Mining
25:06 Castle Age
23:13 Fletching
28:06 Double-Bit Axe
29:00 Bow Saw
42:43 Horse Collar
57:05 Bodkin Arrow
58:28 Ballistics
Ivandronato
5:28 Loom
10:40 Feudal Age
9:30 Loom
11:10 Double-Bit Axe
14:38 Fletching
15:16 Town Watch
22:06 Castle Age
21:01 Gold Mining
20:51 Horse Collar
22:07 Padded Archer Armor
23:02 Medium Warships
22:49 Bodkin Arrow
23:06 Bow Saw
22:29 Crossbowman
23:57 Wheelbarrow
25:02 Hand Cart
28:09 Ballistics
34:49 Imperial Age
32:57 Thumb Ring
33:09 Leather Archer Armor
33:35 Gold Shaft Mining
33:38 Heavy Plow
34:59 Capped Ram
36:12 Ring Archer Armor
37:31 Elite Skirmisher
38:42 Bloodlines
38:32 Husbandry
38:42 Pikeman
41:00 Squires
47:22 Heavy Warships
47:50 Scale Mail Armor
48:01 Forging
48:29 Conscription
48:42 Light Cavalry
52:00 Farimba
53:04 Iron Casting
52:34 Scale Barding Armor
54:59 Chain Barding Armor
56:19 Plate Barding Armor
55:41 Fishing Lines
56:15 Gillnets
BoaDelapool, "cocainita"
8:39 Loom
11:22 Feudal Age
12:24 Double-Bit Axe
12:52 Fletching
13:15 Stone Mining
18:57 Fishing Lines
19:14 Town Watch
21:27 Wheelbarrow
25:07 Castle Age
23:00 Gold Mining
28:22 Bow Saw
28:06 Gillnets
29:51 Scale Mail Armor
30:01 Forging
29:49 Bodkin Arrow
30:30 Squires
30:16 Gambesons
33:13 Horse Collar
37:30 Hand Cart
39:12 Heavy Plow
41:54 Imperial Age
41:48 Padded Archer Armor
42:08 Elite Elephant Archer
42:53 Thumb Ring
45:22 Chemistry
44:43 Ballistics
45:06 Bracer
46:23 Conscription
45:25 Elite Skirmisher
47:14 Coinage
49:04 Town Patrol
50:27 Two-Man Saw
52:29 Masonry
54:29 Medical Corps
55:41 Leather Archer Armor
Impeesa91
7:05 Loom
12:35 Feudal Age
13:40 Gold Mining
13:45 Man-at-Arms
14:41 Double-Bit Axe
21:52 Fletching
22:09 Horse Collar
26:19 Castle Age
26:32 Crossbowman
27:19 Thumb Ring
28:24 Gold Shaft Mining
27:41 Stone Mining
28:47 Squires
32:53 Bodkin Arrow
34:06 Ballistics
37:27 Imperial Age
37:58 Elite Skirmisher
39:22 Arbalester
40:00 Elite Fire Lancer
42:18 Conscription
45:19 Wheelbarrow
46:19 Bracer
46:21 Scale Mail Armor
46:31 Forging
47:22 Hand Cart
46:53 Town Watch
48:30 Chemistry
48:11 Arson
Connection lost

Rejoining the realm…

Still unreachable

The connection could not be restored.

Session expired

The server has moved on; the page needs a fresh start.